 Dungeon Crawl Stone Soup version 0.22-a0-542-gce4f928 (webtiles) character file.

9 kae the Insei (level 2, 18/18 HPs)
             Began as a Demonspawn Transmuter on June 24, 2018.
             Quit the game on level 1 of the Dungeon.
             The game lasted 00:00:22 (813 turns).

kae the Insei (Demonspawn Transmuter)                Turns: 813, Time: 00:00:23

Health: 18/18      AC:  3    Str: 10    XL:     2   Next: 3%
Magic:  5/5        EV: 12    Int: 14    God:
Gold:   3          SH:  0    Dex: 13    Spells: 4/5 levels left

rFire    . . .     SeeInvis .     - Unarmed
rCold    . . .     Gourm    .   (no shield)
rNeg     . . .     Faith    .   b - +0 robe
rPois    .         Spirit   .   (helmet restricted)
rElec    .         Reflect  .   (no cloak)
rCorr    .         Harm     .   (no gloves)
MR       .....                  (no boots)
Stlth    +.........             (no amulet)
HPRegen  0.06/turn              (no ring)
MPRegen  0.09/turn              (no ring)

@: no status effects
A: antennae 1, hooves 1, frail 1, shaggy fur 1
a: no special abilities


You were on level 1 of the Dungeon.
You were not hungry.

You visited 1 branch of the dungeon, and saw 1 of its levels.

You collected 3 gold pieces.

Inventory:

Missiles
 a - 12 arrows
Armour
 b - a +0 robe (worn)
Scrolls
 c - 2 scrolls of identify {unknown}
Potions
 e - a potion of mutation
 f - a potion of lignification {unknown}
Comestibles
 d - a ration


   Skills:
 + Level 1.2 Fighting
 - Level 1.7 Dodging
 * Level 2.8 Unarmed Combat
 + Level 2.1 Spellcasting
 * Level 2.0 Transmutations


You had 4 spell levels left.
You knew the following spells:

 Your Spells              Type           Power        Failure   Level  Hunger
a - Beastly Appendage     Tmut           #.....       10%         1    ##.....

Your spell library contained the following spells:

 Spells                   Type           Power        Failure   Level  Hunger
 Spider Form              Tmut/Pois      #.........   43%         3    ####...
 Blade Hands              Tmut           #.........   95%         5    ######.
 Ice Form                 Ice/Tmut       #.......     83%         4    #####..
 Sticks to Snakes         Tmut           #.......     16%         2    ###....


Dungeon Overview and Level Annotations

Branches:
Dungeon (1/15)

Altars:


Innate Abilities, Weirdness & Mutations

You have large cloven feet.
You have a pair of small antennae on your head.
You are frail. (-10% HP)
You are covered in fur. (AC +1)


Message History

The frilled lizard is heavily wounded.
The frilled lizard bites you.
* * * LOW HITPOINT WARNING * * *
You barely miss the frilled lizard.
You kill the frilled lizard!
You barely miss the kobold. The kobold barely misses you.
You completely miss the kobold.
Your talons disappear.
The kobold barely misses you.
You hit the kobold.
You kill the kobold!
You have reached level 2!
You feel monstrous as your demonic heritage exerts itself.
Your demonic ancestry asserts itself...
Your feet thicken and deform.
You start resting.
HP restored.
Things that are here:
a whip; a kobold skeleton Are you sure you want to abandon this character and quit the game? (Confirm with "yes".)

###### ###### ######## #
........ #.######...... #
............# #
$...........# #
............# #
........)...# #.#
..######@#### #.#
.........##############.#
.........#..............#
.........#.########.....[
.........#.#......(......
.........#.#.######......
.........#.#.# ####...#.
...........#'####....#..#
......................#..


There were no monsters in sight!

Vanquished Creatures
  2 goblins (D:1)
  2 hobgoblins (D:1)
  A kobold (D:1)
  A frilled lizard (D:1)
  2 rats (D:1)
8 creatures vanquished.

Notes
Turn   | Place    | Note
-------+----------+-------------------------------------------
     0 | D:1      | kae the Demonspawn Transmuter began the quest for the Orb.
     0 | D:1      | Reached XP level 1. HP: 15/15 MP: 3/3
   585 | D:1      | Gained mutation: You have a pair of small antennae on your head. [potion of mutation]
   585 | D:1      | Gained mutation: You are frail. (-10% HP) [potion of mutation]
   585 | D:1      | Gained mutation: You are covered in fur. (AC +1) [potion of mutation]
   591 | D:1      | Gained mutation: You have large cloven feet. [demonic ancestry]
   591 | D:1      | Reached XP level 2. HP: 4/18 MP: 5/5
   813 | D:1      | Quit the game

Vault maps used:
D:1:      minmay_arrival_wavy_path, minmay_misc_feat_diagonals,
          minmay_misc_feat_rows

Skill      XL: |  1 |
---------------+----+-----
Transmutations | 2 |  2.0
Fighting       | |  1.2
Dodging        | |  1.7
Unarmed Combat | |  2.8
Spellcasting   | |  2.1

Action                   || total
-------------------------++-------
Melee: Unarmed           ||    31
       Kick              ||     3
       Headbutt          ||     1
 Cast: Beastly Appendage ||     4
  Use: Potion            ||     1
Armor: Robe              ||     2
Dodge: Dodged            ||    15

Table legend:
 A = Spawn XP
 B = Non-spawn XP
 C = Spawn XP percentage of total XP
 D = Spawn monster count
 E = Non-spawn monster count
 F = Spawn count percentage of total count
 G = Total turns spent on level
                    A         B        C        D         E        F      G
               +---------+---------+-------+---------+---------+-------+---------
         Total |       0 |      13 |   0.0 |       0 |       8 |   0.0 |   813
               +---------+---------+-------+---------+---------+-------+---------
           D:1 |       0 |      13 |   0.0 |       0 |       8 |   0.0 |   813
               +---------+---------+-------+---------+---------+-------+---------
